[Event "1st Goa GM Open 2018"]
[Site "Taleigao"]
[Date "2018.10.17"]
[Round "7"]
[White "Deepan Chakkravarthy J."]
[Black "Akash G"]
[Result "1-0"]
[ECO "B67"]
[WhiteElo "2540"]
[BlackElo "2424"]
[Annotator "ChessBase"]
[PlyCount "83"]
[EventDate "2018.10.13"]
[EventType "swiss"]
[EventCountry "IND"]
[SourceTitle "playchess.com"]
[Source "ChessBase"]
[SourceQuality "1"]
[TimeControl "5400+30"]

1. e4 c5 2. Nf3 d6 3. d4 cxd4 4. Nxd4 Nf6 5. Nc3 Nc6 6. Bg5 e6 7. Qd2 a6 8. O-O-O Bd7 9. f4 Qc7 10. Bxf6 gxf6 11. Kb1 O-O-O 12. Nb3 Kb8 13. Be2 Na5 14. Bh5 Be8 15. Nxa5 Qxa5 16. Qe2 f5 17. exf5 Qxf5 18. g4 Qxf4 19. Rhf1 Qb4 20. a3 Qb6 21. Bxf7 Bg7 22. Ka2 Bd7 23. Qc4 d5 24. Qb3 Qd6 25. h4 Rc8 26. Nxd5 exd5 27. Bxd5 Rc6 28. Bxc6 Qxc6 29. Rxd7 Qxd7 30. Rf7 Qc6 31. Rxg7 Ka7 32. g5 a5 33. c4 h6 34. Qc3 a4 35. Qa5+ Kb8 36. Qe5+ Ka7 37. Qd4+ Ka8 38. Rc7 Qxc7 39. Qxh8+ Ka7 40. Qd4+ Ka6 41. gxh6 b5 42. cxb5+ 1-0

[Event "1st Goa GM Open 2018"]
[Site "Taleigao"]
[Date "2018.10.17"]
[Round "7"]
[White "Neverov, Valeriy"]
[Black "Sivuk, Vitaly"]
[Result "1/2-1/2"]
[ECO "D37"]
[WhiteElo "2488"]
[BlackElo "2545"]
[Annotator "ChessBase"]
[PlyCount "62"]
[EventDate "2018.10.13"]
[EventType "swiss"]
[EventCountry "IND"]
[SourceTitle "playchess.com"]
[Source "ChessBase"]
[SourceQuality "1"]
[TimeControl "5400+30"]

1. d4 Nf6 2. c4 e6 3. Nf3 d5 4. Nc3 dxc4 5. e3 a6 6. Bxc4 b5 7. Bd3 Bb7 8. Qc2 Nbd7 9. Ne4 Rc8 10. Nxf6+ Nxf6 11. a4 Bb4+ 12. Bd2 Bxd2+ 13. Qxd2 O-O 14. axb5 axb5 15. Bxb5 Ne4 16. Qe2 Ng5 17. Nxg5 Qxg5 18. f3 c5 19. O-O cxd4 20. exd4 Rfd8 21. Rad1 Bd5 22. Qd2 Qxd2 23. Rxd2 Rb8 24. Be2 Rb4 25. Rc1 g6 26. Kf2 Rdb8 27. Rb1 Ba2 28. Ra1 Bd5 29. Rb1 Ba2 30. Ra1 Bd5 31. Rb1 Ba2 1/2-1/2

[Event "1st Goa GM Open 2018"]
[Site "Taleigao"]
[Date "2018.10.17"]
[Round "7"]
[White "Rahman, Ziaur"]
[Black "Gajwa Ankit"]
[Result "0-1"]
[ECO "D12"]
[WhiteElo "2473"]
[BlackElo "2224"]
[Annotator "RC"]
[PlyCount "118"]
[EventDate "2018.10.13"]
[EventType "swiss"]
[EventCountry "IND"]
[SourceTitle "playchess.com"]
[Source "ChessBase"]
[SourceQuality "1"]
[TimeControl "5400+30"]

1. d4 d5 2. Nf3 Nf6 3. c4 c6 4. e3 Bf5 5. Nc3 a6 6. Be2 e6 7. Nh4 Be4 8. O-O Be7 9. g3 O-O 10. Qb3 Ra7 11. Nxe4 Nxe4 12. Nf3 Nd7 13. Qc2 Ra8 14. b3 a5 15. Rb1 Qc7 16. Bb2 a4 17. Bd3 Nef6 18. c5 axb3 19. axb3 h6 20. b4 b6 21. Ra1 bxc5 22. bxc5 e5 23. dxe5 Ng4 24. Qc3 Nxc5 25. h3 Rab8 26. Bb1 Ne4 27. Qc2 Rxb2 28. Qxb2 Rb8 29. Qd4 Bc5 30. Qa4 Nxe3 31. Rc1 Rb4 32. Qa8+ Rb8 33. Qa6 Bb6 34. Bxe4 dxe4 35. Nd2 Qxe5 36. Qe2 Nc2 37. Rxc2 Qxa1+ 38. Kg2 e3 39. fxe3 Qe5 40. e4 Bc7 41. Qf2 Rb2 42. Rxb2 Qxb2 43. Nf3 Qb1 44. Qe2 c5 45. e5 Qb3 46. Qe4 Qa2+ 47. Kf1 Qe6 48. g4 c4 49. Ke2 Qa6 50. g5 Qa2+ 51. Kd1 Qb3+ 52. Ke2 c3 53. Nd4 Qc4+ 54. Qd3 Qd5 55. Nf3 Qa2+ 56. Kd1 Qa1+ 57. Kc2 Qb2+ 58. Kd1 Qb3+ 59. Kc1 Bb6 0-1

[Event "1st Goa GM Open 2018"]
[Site "Taleigao"]
[Date "2018.10.17"]
[Round "7"]
[White "Laxman, R.R."]
[Black "Sahoo, Utkal Ranjan"]
[Result "1/2-1/2"]
[ECO "E10"]
[WhiteElo "2443"]
[BlackElo "2332"]
[Annotator "NA"]
[PlyCount "75"]
[EventDate "2018.10.13"]
[EventType "swiss"]
[EventCountry "IND"]
[SourceTitle "playchess.com"]
[Source "ChessBase"]
[SourceQuality "1"]
[TimeControl "5400+30"]

1. d4 Nf6 2. Nf3 e6 3. c4 c5 4. d5 b5 5. Bg5 exd5 6. cxd5 d6 {[%emt 0:00:09] [#]} 7. e4 $1 a6 8. a4 Be7 9. Bxf6 {[%emt 0:28:04] E10: Blumenfeld Gambit} (9. Bd3 $16) 9... Bxf6 10. Qc2 (10. axb5 Bxb2 11. Ra2 Bf6 12. bxa6 Qb6 13. Nbd2 O-O 14. Bc4 Bxa6 15. O-O Nd7 16. Qc2 Bxc4 17. Nxc4 {½-½ (54) Illescas Cordoba,M (2618)-Tikkanen,H (2559) Tromsoe 2014}) 10... b4 {[%emt 0:06:49] LiveBook: 5 Games} 11. Nbd2 O-O 12. h3 $146 ({Predecessor:} 12. Nc4 a5 13. Rd1 Ba6 14. Ne3 Bxf1 15. Kxf1 Nd7 16. g3 Nb6 {½-½ (49) Farago,I (2501)-Danner,G (2426) Gmunden 2007}) 12... Nd7 13. a5 Re8 14. Nc4 {[%emt 0:03:21] [#]} ({White should try} 14. Bd3 $11) 14... b3 $1 15. Qd3 Qe7 16. Nfd2 (16. Be2 $11) 16... Rb8 17. Be2 (17. Qg3 $15) 17... Ne5 18. Nxe5 Bxe5 19. O-O f5 $17 20. exf5 Bxb2 21. Rae1 Qf6 22. Ne4 Qf8 23. Bh5 Re5 24. f4 Rxe4 25. Rxe4 Bxf5 26. Bf3 Bd4+ 27. Kh2 b2 28. g4 Bxe4 29. Bxe4 h6 30. Bf5 Qf6 31. Kg3 Kh8 32. Qxa6 g6 33. Bb1 Rb3+ 34. Rf3 g5 35. Qc8+ Kg7 36. Qd7+ Kf8 37. Qc8+ Kg7 38. Qd7+ 1/2-1/2

[Event "1st Goa GM Open 2018"]
[Site "Taleigao"]
[Date "2018.10.17"]
[Round "7"]
[White "Neelotpal, Das"]
[Black "Raahul V S"]
[Result "0-1"]
[ECO "C55"]
[WhiteElo "2436"]
[BlackElo "2294"]
[Annotator "NA"]
[PlyCount "100"]
[EventDate "2018.10.13"]
[EventType "swiss"]
[EventCountry "IND"]
[SourceTitle "playchess.com"]
[Source "ChessBase"]
[SourceQuality "1"]
[TimeControl "5400+30"]

1. e4 e5 2. Nf3 Nc6 3. Bc4 Nf6 4. d3 h6 5. O-O d6 6. c3 g6 7. a4 {[%emt 0:00:30] C55: Two Knights: 4 d3, 4 d4 exd4 5 e5 and Max Lange Attack} (7. Re1 Bg7 8. Nbd2 O-O 9. Bb3 Re8 10. Nf1 Be6 11. h3 d5 12. Ng3 Qd7 13. Ba4 Nh7 14. d4 exd4 15. Nxd4 Rad8 16. Be3 dxe4 17. Nxc6 bxc6 18. Nxe4 {½-½ (33) Anand,V (2782)-Ponkratov,P (2613) Riadh 2017}) 7... Bg7 8. a5 a6 9. Nbd2 O-O 10. Re1 Kh7 11. Nf1 {[%emt 0:04:34] LiveBook: 3 Partien} Nh5 12. h3 $146 ({Predecessor:} 12. d4 exd4 13. Nxd4 Nf6 14. Nxc6 bxc6 {½-½ (48) Cubas,J (2384)-Ramon Pita,V (2232) Santos 2004}) 12... Nf4 13. Bxf4 exf4 14. d4 Ne7 15. Qb3 c6 16. N1d2 d5 17. Bd3 b5 (17... Qc7 $16 {was called for.}) 18. axb6 Rb8 19. exd5 ({White should play} 19. Qc2 $18) 19... cxd5 20. Qa3 Bf6 21. b7 ({Don't play} 21. Bxa6 Ra8 $14) 21... Rxb7 22. b4 Rc7 23. Qb2 Ra7 24. Nb3 Qb6 25. Qd2 Bf5 (25... Qd6 {ist eine bessere Verteidigung.} 26. b5 Qb6 27. Qxf4 Kg7) 26. Bxf5 Nxf5 27. Qxf4 Rc8 28. Nc5 Qc7 $18 29. Qd2 a5 30. g4 Nd6 31. Qf4 Ne4 32. Rxe4 dxe4 33. Qxf6 exf3 34. Rxa5 Qe7 35. Qxf3 Rca8 36. Nb3 Rxa5 37. Nxa5 Ra6 38. Nc6 Qe8 39. b5 Ra3 40. Ne5 Kg7 41. b6 Rb3 42. b7 f6 43. Nd3 Qe7 44. Nb4 Rb1+ 45. Kg2 Qe1 46. Kg3 Qe8 47. Kh2 g5 48. Nd5 Qc6 49. Qd3 Qd6+ 50. f4 Rb2+ 0-1

[Event "1st Goa GM Open 2018"]
[Site "Taleigao"]
[Date "2018.10.17"]
[Round "7"]
[White "Das, Sayantan"]
[Black "Navalgund, Niranjan"]
[Result "1-0"]
[ECO "C95"]
[WhiteElo "2425"]
[BlackElo "2245"]
[Annotator "NA"]
[PlyCount "71"]
[EventDate "2018.10.13"]
[EventType "swiss"]
[EventCountry "IND"]
[SourceTitle "playchess.com"]
[Source "ChessBase"]
[SourceQuality "1"]
[TimeControl "5400+30"]

1. e4 e5 2. Nf3 Nc6 3. Bb5 a6 4. Ba4 Nf6 5. O-O Be7 6. Re1 b5 7. Bb3 d6 8. c3 O-O 9. h3 Nb8 10. d4 Nbd7 11. a4 Bb7 12. Bc2 {[%emt 0:00:08] LiveBook: 20 Games} c5 {[%emt 0:00:36] C95: Closed Ruy Lopez: Breyer Variation with 10 d4} (12... Re8 13. Nbd2 c5 14. d5 c4 15. b3 cxb3 16. Nxb3 Qc7 17. Be3 Nb6 18. Nbd2 Nfd7 19. axb5 {½-½ (19) Areshchenko,A (2678)-Efimenko,Z (2651) Rivne 2016}) 13. d5 c4 14. Be3 Qb8 15. Na3 Bc8 16. Nd2 $146 ({Predecessor:} 16. Rb1 Nc5 17. Bxc5 dxc5 18. b3 Bd7 19. bxc4 b4 20. cxb4 cxb4 {1-0 (53) Even,R (2123)-Matzig,R (1904) GER email 2011}) 16... Nc5 17. Qe2 Rd8 18. Rf1 Nfd7 (18... Bd7 $11 {keeps the balance.}) 19. Kh1 (19. b4 $16 cxb3 20. Nxb3) 19... Nf8 (19... Nf6 $14) 20. Qh5 (20. b3 $16) 20... Bd7 $11 21. g3 Qc8 22. Kh2 g6 23. Qh6 f5 24. f4 exf4 25. Bd4 fxg3+ 26. Kg1 Nfe6 27. dxe6 Nxe6 28. exf5 Nxd4 29. fxg6 Ne2+ 30. Kh1 Bc6+ 31. Be4 g2+ 32. Kxg2 Bxe4+ 33. Nxe4 hxg6 34. Qxg6+ Kh8 35. Qh5+ Kg8 36. Rf7 1-0

[Event "1st Goa GM Open 2018"]
[Site "Taleigao"]
[Date "2018.10.17"]
[Round "7"]
[White "Fominyh, Alexander"]
[Black "Matta, Vinay Kumar"]
[Result "0-1"]
[ECO "A04"]
[WhiteElo "2405"]
[BlackElo "2129"]
[Annotator "NA"]
[PlyCount "39"]
[EventDate "2018.10.13"]
[EventType "swiss"]
[EventCountry "IND"]
[SourceTitle "playchess.com"]
[Source "ChessBase"]
[SourceQuality "1"]
[TimeControl "5400+30"]

1. Nf3 c5 2. c4 Nc6 3. Nc3 g6 4. e3 Bg7 {[%emt 0:00:36] LiveBook: 673 Games} (4... Nf6 $11) 5. d4 Nb8 {[%emt 0:03:35] A35: Symmetrical English: 2 Nc3 Nc6 3 Nf3} (5... d6 6. d5 Ne5 7. Nxe5 Bxe5 8. e4 Nf6 9. Bd3 h6 10. O-O g5 11. f4 gxf4 12. Bxf4 Ng4 13. Qf3 h5 14. Be2 f6 15. h3 Bd4+ {1-0 (40) Pantsulaia,L (2612)-Rapport,R (2707) Riadh 2017}) 6. d5 d6 7. e4 Nf6 8. h3 O-O 9. Be2 e6 10. dxe6 $146 ({Predecessor:} 10. O-O exd5 11. cxd5 a6 12. a4 Re8 13. Qc2 b6 14. Bf4 Qe7 15. Nd2 Nbd7 16. f3 {1-0 (48) Di Tomaso,F-Antonsig,S Trieste 1997}) 10... fxe6 11. e5 dxe5 12. Qxd8 Rxd8 13. Nxe5 Re8 14. Bg5 Nfd7 15. Nd3 Bxc3+ 16. bxc3 Nc6 17. h4 b6 18. h5 Bb7 19. O-O-O Rac8 (19... Nd8 $16 {keeps fighting.}) 20. Bf3 $18 0-1

[Event "1st Goa GM Open 2018"]
[Site "Taleigao"]
[Date "2018.10.17"]
[Round "7"]
[White "Rakesh Kumar Jena"]
[Black "Aditya Mittal"]
[Result "0-1"]
[ECO "D02"]
[WhiteElo "2388"]
[BlackElo "2215"]
[Annotator "NA"]
[PlyCount "80"]
[EventDate "2018.10.13"]
[EventType "swiss"]
[EventCountry "IND"]
[SourceTitle "playchess.com"]
[Source "ChessBase"]
[SourceQuality "1"]
[TimeControl "5400+30"]

1. Nf3 d5 2. d4 Nf6 3. Bf4 c5 4. e3 Nc6 5. Nbd2 e6 6. c3 cxd4 7. exd4 Nh5 8. Bg5 f6 9. Be3 Bd6 10. g3 O-O 11. Qc2 f5 12. O-O-O Nf6 13. Bg5 Bd7 14. Kb1 h6 15. Bxf6 Qxf6 16. h3 Rfc8 17. Bb5 Nb8 18. Bxd7 Nxd7 19. g4 b5 20. Qd3 Rab8 21. Rde1 Re8 22. gxf5 Qxf5 23. Qxf5 exf5 24. Nh4 b4 25. Kc2 bxc3 26. bxc3 Bf4 27. Nb3 Bg5 28. Nf3 Bf6 29. Na5 Rec8 30. Rb1 Rxb1 31. Rxb1 Nc5 32. Nb7 Ne4 33. Rb3 f4 34. Ne5 Nxf2 35. Nd6 Rd8 36. Nf5 Bxe5 37. dxe5 Re8 38. Rb7 Rxe5 39. Rxg7+ Kf8 40. Rg2 Re2+ 0-1

[Event "1st Goa GM Open 2018"]
[Site "Taleigao"]
[Date "2018.10.17"]
[Round "7"]
[White "Audi Ameya"]
[Black "Tukhaev, Adam"]
[Result "1/2-1/2"]
[ECO "B47"]
[WhiteElo "2375"]
[BlackElo "2556"]
[Annotator "ChessBase"]
[PlyCount "37"]
[EventDate "2018.10.13"]
[EventType "swiss"]
[EventCountry "IND"]
[SourceTitle "playchess.com"]
[Source "ChessBase"]
[SourceQuality "1"]
[TimeControl "5400+30"]

1. e4 c5 2. Nf3 e6 3. d4 cxd4 4. Nxd4 Nc6 5. Nc3 Qc7 6. Qd3 Nf6 7. Ndb5 Qb8 8. Qg3 d6 9. Be3 a6 10. Nd4 Bd7 11. Be2 b5 12. Bd3 h5 13. O-O Ng4 14. Nce2 Nxe3 15. Qxe3 Qa7 16. e5 Qc5 17. Be4 Rd8 18. Rad1 dxe5 19. Kh1 1/2-1/2

[Event "1st Goa GM Open 2018"]
[Site "Taleigao"]
[Date "2018.10.17"]
[Round "7"]
[White "Rajdeep Sarkar"]
[Black "Karthik Venkataraman"]
[Result "0-1"]
[ECO "A33"]
[WhiteElo "2355"]
[BlackElo "2525"]
[Annotator "ChessBase"]
[PlyCount "64"]
[EventDate "2018.10.13"]
[EventType "swiss"]
[EventCountry "IND"]
[SourceTitle "playchess.com"]
[Source "ChessBase"]
[SourceQuality "1"]
[TimeControl "5400+30"]

1. Nf3 c5 2. c4 Nc6 3. d4 cxd4 4. Nxd4 Nf6 5. Nc3 e6 6. a3 Be7 7. e4 O-O 8. Be3 d5 9. exd5 exd5 10. Nxc6 bxc6 11. Be2 Be6 12. cxd5 Nxd5 13. Nxd5 Bxd5 14. O-O Bf6 15. Bd4 Re8 16. Re1 Bb3 17. Qxb3 Bxd4 18. Bf3 Rxe1+ 19. Rxe1 Rb8 20. Qc4 Qh4 21. Qe2 g6 22. b4 c5 23. Bd5 cxb4 24. axb4 Qf6 25. Rb1 a5 26. b5 a4 27. Qa2 Qf5 28. g3 Rd8 29. Bg2 Bxf2+ 30. Kh1 Rd2 31. Bh3 Qf3+ 32. Bg2 Rd1+ 0-1

[Event "1st Goa GM Open 2018"]
[Site "Taleigao"]
[Date "2018.10.17"]
[Round "7"]
[White "Kathmale, Sameer"]
[Black "Nikhil Magizhnan"]
[Result "1/2-1/2"]
[ECO "B12"]
[WhiteElo "2343"]
[BlackElo "2056"]
[Annotator "NA"]
[PlyCount "60"]
[EventDate "2018.10.13"]
[EventType "swiss"]
[EventCountry "IND"]
[SourceTitle "playchess.com"]
[Source "ChessBase"]
[SourceQuality "1"]
[TimeControl "5400+30"]

1. e4 c6 2. d4 d5 3. e5 c5 4. dxc5 Nc6 {LiveBook: 990 Games} 5. a3 {B12: Caro-Kann: Advance Variation} Nxe5 6. b4 g6 (6... Nf6 7. Bb2 Nc6 8. Nf3 g6 9. Nc3 d4 10. Nb5 e5 11. Qe2 Bg4 12. O-O-O Bh6+ {1-0 (48) Nepomniachtchi,I (2751)-Navara,D (2737) Saint Louis 2017}) 7. f4 Nc6 8. Bb2 Nf6 9. Nc3 $146 ({Predecessor:} 9. c4 Bg4 10. Be2 Bxe2 11. Nxe2 dxc4 12. Qxd8+ Rxd8 {0-1 (27) Wall,G (2348)-Hawkins,J (2590) London 2016}) 9... Be6 10. Nf3 Bg7 11. Bb5 O-O 12. Ne2 Bg4 13. O-O Bxf3 14. Rxf3 Qc7 15. c4 Rad8 16. Qc2 e5 17. Bxc6 e4 $1 18. Bxd5 exf3 19. Bxf3 $11 Ne8 20. g3 Qe7 21. Kf2 Bxb2 22. Qxb2 Ng7 23. Nc3 Qf6 24. Ra2 Qd4+ 25. Kg2 Nf5 26. Nd5 Qxc4 27. Nf6+ Kh8 28. Nd7+ Kg8 29. Nf6+ Kh8 30. Nd7+ Kg8 1/2-1/2

[Event "1st Goa GM Open 2018"]
[Site "Taleigao"]
[Date "2018.10.17"]
[Round "7"]
[White "Saurabh Anand"]
[Black "Prajesh R"]
[Result "0-1"]
[ECO "C45"]
[WhiteElo "2303"]
[BlackElo "1953"]
[Annotator "NA"]
[PlyCount "92"]
[EventDate "2018.10.13"]
[EventType "swiss"]
[EventCountry "IND"]
[SourceTitle "playchess.com"]
[Source "ChessBase"]
[SourceQuality "1"]
[TimeControl "5400+30"]

1. e4 e5 2. Nf3 Nc6 3. d4 exd4 4. Nxd4 Nf6 5. Nxc6 bxc6 6. e5 Qe7 7. Qe2 Nd5 8. c4 Nb6 9. Nc3 Ba6 {[%emt 0:00:02] LiveBook: 91 Games C45: Schottische Partie} (9... Bb7 10. Bd2 O-O-O 11. O-O-O Re8 12. Re1 Qb4 13. Kb1 Ba6 14. Nd5 Qa4 15. Nxb6+ axb6 16. g3 f6 17. f4 fxe5 18. fxe5 {0-1 (38) Saric,I (2689)-Almasi,Z (2699) Rio Achaea 2018}) 10. Qe4 g6 11. Bd2 Bg7 12. O-O-O O-O 13. f4 (13. c5 $11 Bxf1 14. cxb6) 13... f5 14. exf6 Qxf6 15. c5 d5 $146 ({Vorgänger:} 15... Bxf1 16. Rhxf1 {0-1 (41) Seibold,T (2100)-Heiduczek,J (2170) Bayern 1998}) 16. Qc2 (16. cxd6 $1 $11 {was the only way to keep the balance.} Bxf1 17. Rhxf1) 16... Bxf1 $19 17. Rhxf1 Nc4 18. Rf3 Rab8 19. b3 Na3 20. Qd3 Rb5 21. Kb2 Nc4+ 22. Kc1 Nxd2 23. Rxd2 Rxc5 24. Rc2 Re8 25. Kd2 Qe7 26. Rf1 d4 27. Nd1 Rxc2+ 28. Kxc2 Qe2+ 29. Qxe2 Rxe2+ 30. Kd3 Rxg2 31. Rf2 Rg1 32. Nb2 Rc1 33. Rc2 Rxc2 34. Kxc2 Bh6 35. Nd3 Kf7 36. a4 Ke6 37. a5 Kd5 38. a6 Bf8 39. Kd2 c5 40. Ke2 c4 41. bxc4+ Kxc4 42. Ne5+ Kb5 43. Kd3 c5 44. h3 Bd6 45. Nd7 Bxf4 46. Nf8 Bd6 0-1

[Event "1st Goa GM Open 2018"]
[Site "Taleigao"]
[Date "2018.10.17"]
[Round "7"]
[White "Nitish Belurkar"]
[Black "Stany, G.A."]
[Result "1/2-1/2"]
[ECO "C45"]
[WhiteElo "2295"]
[BlackElo "2502"]
[Annotator "ChessBase"]
[PlyCount "64"]
[EventDate "2018.10.13"]
[EventType "swiss"]
[EventCountry "IND"]
[SourceTitle "playchess.com"]
[Source "ChessBase"]
[SourceQuality "1"]
[TimeControl "5400+30"]

1. e4 e5 2. Nf3 Nc6 3. d4 exd4 4. Nxd4 Bc5 5. Be3 Qf6 6. c3 Nge7 7. Bc4 O-O 8. Nxc6 Qxc6 9. Bxc5 Qxc5 10. Nd2 d5 11. exd5 Nxd5 12. Bxd5 Qxd5 13. O-O Be6 14. Nf3 Rad8 15. Qa4 Qc5 16. Rfd1 Bd5 17. Qd4 Qc6 18. Qh4 Rd6 19. Ne5 Qe8 20. Re1 Qd8 21. Qg3 Be6 22. Nf3 c5 23. h4 h6 24. b3 b6 25. c4 Bc8 26. Ne5 Bb7 27. Re3 Rd4 28. Rae1 h5 29. f3 Rd1 30. Rxd1 Qxd1+ 31. Kh2 Re8 32. Ng4 Rxe3 1/2-1/2

[Event "1st Goa GM Open 2018"]
[Site "Taleigao"]
[Date "2018.10.17"]
[Round "7"]
[White "Kumar, Gaurav"]
[Black "Pradeep Tiwari"]
[Result "1/2-1/2"]
[ECO "C45"]
[WhiteElo "2236"]
[BlackElo "1947"]
[Annotator "NA"]
[PlyCount "44"]
[EventDate "2018.10.13"]
[EventType "swiss"]
[EventCountry "IND"]
[SourceTitle "playchess.com"]
[Source "ChessBase"]
[SourceQuality "1"]
[TimeControl "5400+30"]

1. e4 e5 2. Nf3 Nc6 3. d4 exd4 4. Nxd4 Nf6 5. Nxc6 bxc6 6. e5 Qe7 7. Qe2 Nd5 8. c4 Nb6 9. Nc3 Bb7 {C45: Scotch Game} 10. Bd2 O-O-O 11. O-O-O Re8 12. f4 (12. Re1 Qb4 13. Kb1 Ba6 14. Nd5 Qa4 15. Nxb6+ axb6 16. g3 f6 17. f4 fxe5 18. fxe5 {0-1 (38) Saric,I (2689)-Almasi,Z (2699) Rio Achaea 2018}) 12... f6 13. exf6 Qf7 14. Qd3 $146 ({Predecessor:} 14. Qf2 gxf6 15. Bd3 f5 16. Rhe1 Bg7 17. Qc5 {1-0 (40) Wong,Y (2198)-Chakravarthi,Y (2148) Puchong 2017}) 14... gxf6 15. b3 d5 16. cxd5 Nxd5 17. Qf5+ Kb8 18. Bc4 Ba3+ 19. Kb1 Qg6 20. Qxg6 {hxg} hxg6 21. Bd3 $11 f5 22. Nxd5 Rhg8 1/2-1/2

[Event "1st Goa GM Open 2018"]
[Site "Taleigao"]
[Date "2018.10.17"]
[Round "7"]
[White "Swati Ghate"]
[Black "Gusain, Himal"]
[Result "0-1"]
[ECO "A04"]
[WhiteElo "2215"]
[BlackElo "2384"]
[Annotator "NA"]
[PlyCount "102"]
[EventDate "2018.10.13"]
[EventType "swiss"]
[EventCountry "IND"]
[SourceTitle "playchess.com"]
[Source "ChessBase"]
[SourceQuality "1"]
[TimeControl "5400+30"]

1. Nf3 f5 2. b3 d6 3. d4 Nf6 4. Bb2 g6 5. g3 Bg7 6. Bg2 O-O 7. Nbd2 Nc6 8. Rb1 {A81: Dutch Defence: 2 g3} (8. O-O Qe8 9. Nc4 b5 10. Ncd2 Rb8 11. c4 bxc4 12. Nxc4 Ba6 13. Rc1 Nb4 14. a3 Nbd5 15. Qc2 Qb5 16. Nfd2 f4 17. Rfe1 {0-1 (28) Konopka,M (2416)-Plat,V (2492) Ostrava 2016}) 8... Qe8 9. O-O h6 10. Nc4 $146 ({Predecessor:} 10. a4 Kh8 11. Nc4 g5 12. e3 Ne4 13. d5 Bxb2 14. Rxb2 Nd8 15. Qd4+ e5 16. dxe6+ Kh7 {0-1 (52) Wunder,S (2126)-Poppe,H (2113) Bayern 2004}) 10... e6 11. a4 Bd7 12. Ne1 a6 13. Nd3 g5 14. Ne3 Qf7 15. c4 Rae8 16. d5 Nd8 17. f4 g4 18. Nf2 h5 19. dxe6 Bxe6 20. Nd5 $11 Nxd5 21. cxd5 Bc8 22. e4 fxe4 23. Nxe4 Bf5 24. Ng5 Qg6 25. Bxg7 Qxg7 26. Rc1 Re7 27. Rf2 Rfe8 28. Bf1 Qf6 29. b4 Nf7 30. Qd2 Nxg5 31. fxg5 Qe5 32. b5 axb5 33. Bxb5 Rf8 34. Rcf1 Ref7 35. Re1 Qg7 36. a5 Bg6 37. Rxf7 Rxf7 38. a6 bxa6 39. Bxa6 Re7 40. Rxe7 Qxe7 41. Kf2 Qe5 42. Bc4 Kg7 43. Qf4 Bf5 44. Qxe5+ dxe5 45. Ke3 Kg6 46. Bd3 Bxd3 47. Kxd3 Kxg5 48. Ke3 Kf5 49. Kd3 e4+ 50. Kd4 e3 51. Kxe3 Ke5 {Kd4+} 0-1

[Event "1st Goa GM Open 2018"]
[Site "Taleigao"]
[Date "2018.10.17"]
[Round "7"]
[White "Niraj, Saripalli"]
[Black "Himanshu, Sharma"]
[Result "1/2-1/2"]
[ECO "D00"]
[WhiteElo "2206"]
[BlackElo "2444"]
[Annotator "NA"]
[PlyCount "74"]
[EventDate "2018.10.13"]
[EventType "swiss"]
[EventCountry "IND"]
[SourceTitle "playchess.com"]
[Source "ChessBase"]
[SourceQuality "1"]
[TimeControl "5400+30"]

1. d4 d5 2. Bf4 Nf6 3. e3 Bf5 4. c4 e6 5. Nc3 {[%emt 0:02:21] D00: 1 d4 d5: Unusual lines} (5. Nf3 Bxb1 6. Rxb1 Bb4+ 7. Ke2 dxc4 8. Qa4+ Nc6 9. Ne5 a5 10. Nxc6 Qd7 11. Rc1 Nd5 12. Rxc4 Nb6 13. Qc2 Nxc4 14. Nxb4 Nxb2 {1-0 (41) Nakamura,H (2769)-Giri,A (2782) Leuven 2018}) 5... c6 6. Qb3 Qc8 7. Rc1 Be7 8. h3 O-O 9. Nf3 Nbd7 {[%emt 0:01:48] LiveBook: 9 Games} 10. Bh2 $146 ({Predecessor:} 10. Be2 h6 11. O-O dxc4 12. Bxc4 Nb6 13. Be2 Nbd5 14. Bg3 {1-0 (30) Gupta,A (2654)-Vishnu,P (2524) Pune 2016}) 10... Nb6 11. c5 Nbd7 12. Be2 Ne4 13. Nxe4 Bxe4 14. O-O b6 15. cxb6 axb6 16. Bb5 c5 17. Bxd7 Qxd7 18. Ne5 Qa7 $11 19. Nc6 c4 20. Nxa7 cxb3 21. Nc6 Rfe8 22. Nxe7+ Rxe7 23. axb3 h5 24. f3 Bg6 25. Ra1 Rea7 26. Rxa7 Rxa7 27. Bd6 Bc2 28. Rc1 Bxb3 29. Rc8+ Kh7 30. Rb8 Ra6 31. Bc7 Ra2 32. Rxb6 Rxb2 33. Bf4 Rb1+ 34. Kh2 Kg6 35. Rb7 Ba2 36. Rb5 Rb2 37. Rxb2 Bb1 1/2-1/2

[Event "1st Goa GM Open 2018"]
[Site "Taleigao"]
[Date "2018.10.17"]
[Round "7"]
[White "Prasannaa.s"]
[Black "Konguvel, Ponnuswamy"]
[Result "1-0"]
[ECO "A04"]
[WhiteElo "2124"]
[BlackElo "2325"]
[Annotator "NA"]
[PlyCount "99"]
[EventDate "2018.10.13"]
[EventType "swiss"]
[EventCountry "IND"]
[SourceTitle "playchess.com"]
[Source "ChessBase"]
[SourceQuality "1"]
[TimeControl "5400+30"]

1. Nf3 c5 2. c4 Nc6 3. Nc3 g6 4. e3 Bg7 5. d4 cxd4 6. exd4 d6 7. h3 Nf6 8. d5 {[%emt 0:02:01] A35: Symmetrical English: 2 Nc3 Nc6 3 Nf3} Nb8 9. Be2 O-O 10. O-O Nbd7 {[%emt 0:06:42] LiveBook: 15 Partien} 11. Nd4 a5 12. Re1 Nc5 13. Bf3 Re8 14. Bf4 $146 ({Predecessor:} 14. Bg5 Bd7 15. Qd2 Qb6 16. Re2 Qb4 17. b3 Qb6 {1-0 (39) Tsydypov,Z (2430)-Khatanbaatar,B (2375) Ulaanbaatar 2016}) 14... Qb6 15. Qd2 Bd7 16. Rad1 a4 17. Ncb5 Bxb5 18. Nxb5 $16 Nfd7 19. Re3 Ne5 20. Be2 Rac8 21. Qb4 f5 22. Ra3 Ra8 23. Be3 Rf8 24. Bd4 f4 25. Bf1 Rfc8 26. Qd2 Rf8 27. Qb4 Rfc8 28. Qd2 Rf8 29. Re1 Qd8 30. Qd1 b6 31. Bc3 Qd7 32. Nd4 f3 33. Nc6 fxg2 34. Bxg2 Ncd3 35. Re3 Nf4 36. Nxe5 dxe5 37. Bxe5 Nxg2 38. Kxg2 Qf5 39. Qe2 Bh6 40. Rf3 Qg5+ 41. Rg3 Qc1 42. Raf3 Rxf3 43. Rxf3 Rf8 44. Rxf8+ Bxf8 45. Bd4 Qg5+ 46. Qg4 Qxg4+ 47. hxg4 Bg7 48. Bxg7 Kxg7 49. g5 Kf7 50. Kf3 1-0